 Dungeon Crawl Stone Soup version 0.25-a0-890-g62861fb195 (webtiles) character file.

Game seed: 14573388804561832116, levelgen mode: classic

402 EnegeticOcto the Skirmisher (level 6, -1/44 HPs)
             Began as an Octopode Fighter on May 2, 2020.
             Slain by an orc
             ... wielding a +1 falchion of freezing
              (2 damage)
             ... on level 4 of the Dungeon.
             The game lasted 00:01:47 (3244 turns).

EnegeticOcto the Skirmisher (Octopode Fighter)      Turns: 3244, Time: 00:01:48

Health: -1/44      AC:  1    Str: 16    XL:     6   Next: 85%
Magic:  15/15      EV: 12    Int: 10    God:
Gold:   207        SH:  9    Dex: 13    Spells: 5/5 levels left

rFire    . . .     SeeInvis .   s - +0 short sword (vamp)
rCold    . . .     Gourm    .   b - +0 kite shield
rNeg     . . .     Faith    .   (helmet restricted)
rPois    .         Spirit   .   (no amulet)
rElec    .         Reflect  .   f - ring of magical power
rCorr    .         Harm     .   (no ring)
MR       .....                  (no ring)
Stlth    +++.......             (no ring)
HPRegen  0.14/turn              (no ring)
MPRegen  0.14/turn              (no ring)
                                (no ring)
                                (no ring)

@: no status effects
A: almost no armour, stealthy swim, amphibious, 8 rings, constrict 8, camouflage
1, gelatinous body 1
a: no special abilities


You were on level 4 of the Dungeon.
You were not hungry.

You visited 1 branch of the dungeon, and saw 4 of its levels.

You collected 207 gold pieces.

Inventory:

Hand Weapons
 a - a +0 long sword
 s - a +0 vampiric short sword (weapon)
Armour
 b - a +0 kite shield (worn)
Jewellery
 f - a ring of magical power (left tentacle)
Wands
 p - a wand of iceblast (9)
Scrolls
 c - a scroll of fog {unknown}
 d - 2 scrolls of identify {unknown}
 g - 2 scrolls of remove curse {unknown}
 h - a scroll of immolation {unknown}
 l - a scroll of blinking {unknown}
 o - a scroll of random uselessness {unknown}
 q - 6 scrolls of teleportation {unknown}
 r - a scroll of magic mapping {unknown}
 t - a scroll of amnesia {unknown}
 v - a scroll of fear {unknown}
Potions
 i - a potion of curing {unknown}
 j - 2 potions of brilliance {unknown}
 k - a potion of might {@q3}
 m - 2 potions of haste {unknown}
 n - a potion of heal wounds {unknown}
 u - a potion of mutation {unknown}
Comestibles
 e - 9 rations


   Skills:
 + Level 4.4 Fighting
 * Level 2.6(3.7) Short Blades
 - Level 3.9(4.3) Long Blades
 - Level 3.0 Dodging
 + Level 2.3 Stealth
 + Level 4.3 Shields


You had 5 spell levels left.
You didn't know any spells.
Your spell library was empty.

Dungeon Overview and Level Annotations

Branches:
Dungeon (4/15)
 Temple: D:4-7

Altars:


Innate Abilities, Weirdness & Mutations

You cannot wear most types of armour.
You are very stealthy in the water. (Stealth+)
You are amphibious.
You can wear up to eight rings at the same time.
You can use your tentacles to constrict eight enemies at once.
Your skin changes colour to match your surroundings (Stealth+).
Your rubbery body absorbs attacks. (AC +1, EV +1)


Message History

No target in view!
No target in view!
No target in view!
No target in view!
No target in view!
No target in view!
HP restored.
You butcher the giant cockroach corpse.
c - a chunk of flesh Eating a chunk of flesh.
You eat the chunk of flesh.
This raw flesh tastes terrible.
You now have 191 gold pieces (gained 11).
You now have 194 gold pieces (gained 3).
Found 15 arrows.
There is a stone staircase leading down here.
e - 9 rations (gained 1)
c - a scroll labeled YWOCWA TOSAHIESK
There is a stone staircase leading down here.
g - 2 scrolls labeled ZAUHUSHUMP (gained 1)
Found a rapier.
q - 6 scrolls labeled LOLYIJ MUBUA (gained 1)
You now have 207 gold pieces (gained 13).
An orc and an ogre come into view.
The ogre moves out of view.
An orc is nearby!
The orc shouts!
You hear a shout! 2 orcs come into view.
The orc shouts!
An orc priest comes into view. It is wielding a -3 club.
An orc comes into view.
It is wielding a +1 falchion of freezing.
The orc priest shouts!
The ogre shouts!
You block the orc's attack.
The orc shouts!
The orc shouts!
You hit the orc but do no damage. Your grab misses the orc.
Your squeeze misses the orc. The orc misses you.
An orc comes into view.
It is quivering 5 boomerangs of dispersal.
The orc priest mumbles some strange prayers to Beogh against you.
Beogh smites you!
You hit the orc but do no damage. You grab the orc. You constrict the orc.
The orc hits you but does no damage.
You hit the orc but do no damage.
The orc is moderately wounded.
You constrict the orc. The orc hits you with a +0 war axe.
The orc hits you but does no damage.
The orc priest calls down the wrath of Beogh upon you.
Pain shoots through your body!
You hit the orc.
You feel better.
You kill the orc!
You block the orc's attack.
The orc priest invokes the aid of Beogh against you.
Pain shoots through your body!
You hit the ogre. You squeeze the ogre!
The ogre is heavily wounded.
You barely miss the ogre. You squeeze the ogre!
The ogre is almost dead.
The ogre misses you. The orc hits you with a +0 dagger.
You are too injured to fight recklessly!
You are too injured to fight recklessly!
There are monsters nearby!
There are monsters nearby!
You hit the ogre.
You feel better.
You kill the ogre!
Your Stealth skill increases to level 2!
The orc barely misses you. You block the orc's attack.
The orc hits you but does no damage.
Found 19 bolts.
You closely miss the orc. Your grab misses the orc. You block the orc's attack.
The orc hits you with a +1 falchion of freezing.
The orc freezes you. The orc hits you.
* * * LOW HITPOINT WARNING * * *
The orc barely misses you. The orc priest closely misses you.
You block the orc's attack.
You barely miss the orc priest. Your grab misses the orc priest.
You squeeze the orc priest.
The orc priest is moderately wounded.
The orc completely misses you. The orc barely misses you.
The orc hits you with a +0 dagger.
* * * LOW HITPOINT WARNING * * *
You hit the orc priest. You grab the orc priest. You squeeze the orc priest.
The orc priest is severely wounded.
You constrict the orc priest.
The orc priest mumbles some strange prayers to Beogh against you.
You barely resist.
You block the orc's attack. x2; The orc hits you.
* * * LOW HITPOINT WARNING * * *
The orc hits you but does no damage.
You barely miss the orc priest. You squeeze the orc priest.
You kill the orc priest!
You block the orc's attack.
The orc hits you with a +1 falchion of freezing.
* * * LOW HITPOINT WARNING * * *
The orc freezes you.
* * * LOW HITPOINT WARNING * * *
The orc misses you. The orc closely misses you.
You hit the orc. Your grab misses the orc.
The orc is heavily wounded.
The orc closely misses you. The orc hits you.
* * * LOW HITPOINT WARNING * * *
The orc hits you with a +1 falchion of freezing.
You die...

(............. ....
..)............. .....
#................
...........#...........
...... ....#...........
....... ................
.......##........o......
...........##..o@o......
.....#.....###.)o.......
...........# ##....##...
...........####...$##. .
...........#.#.........
...............#.......
...........#.#.#.......
....##.....#.#.#.#.....
##..#......#.....###...


You could see 4 orcs.

Vanquished Creatures
  An ogre (D:4)
  A howler monkey (D:3)
  2 orc priests
  A worker ant (D:4)
  A hound zombie (D:3)
  Robin (D:2)
  6 adders (D:3)
  3 worms
  2 dart slugs
  3 leopard geckos
  9 orcs
  A ball python (D:1)
  5 giant cockroaches
  8 hobgoblins
  9 jackals
  A quokka (D:3)
  6 bats
  5 frilled lizards
  15 goblins
  7 kobolds
  9 rats
96 creatures vanquished.

Notes
Turn   | Place    | Note
-------+----------+-------------------------------------------
     0 | D:1      | EnegeticOcto the Octopode Fighter began the quest for the
                  | Orb.
     0 | D:1      | Reached XP level 1. HP: 16/16 MP: 1/1
   267 | D:1      | Reached XP level 2. HP: 11/21 MP: 2/2
   673 | D:1      | Reached XP level 3. HP: 26/26 MP: 3/3
  1013 | D:2      | You fall into a shaft and drop 1 floor!
  1086 | D:3      | Reached XP level 4. HP: 30/31 MP: 4/4
  1106 | D:3      | Reached XP level 5. HP: 23/37 MP: 5/5
  1502 | D:3      | Reached skill level 1 in Short Blades
  2328 | D:2      | Reached skill level 1 in Stealth
  2402 | D:2      | Noticed Robin
  2411 | D:2      | Killed Robin
  2411 | D:2      | Reached XP level 6. HP: 43/43 MP: 6/6
  3243 | D:4      | HP: 2/44 [orc/+1 falchion of freezing (1)]
  3244 | D:4      | Slain by an orc

Levels and vault maps discovered:
D:1:      kennysheep_arrival_forest, layout_loops_cross
D:2:      layout_basic, first_ration, uniq_robin
D:3:      layout_rooms, nicolae_overflow_hidden_temple, minmay_pentomino_pile
D:4:      layout_cave_pools, vehumet_crystals

Skill      XL: |  1  2  3  4  5  6 |
---------------+-------------------+-----
Long Blades    | 3 |  3.9
Fighting       | 4 |  4.4
Short Blades   | 1 2 |  2.6
Shields        | 4 |  4.3
Stealth        | 1 2 |  2.3
Dodging        | |  3.0

Action                   |  1- 3 |  4- 6 || total
-------------------------+-------+-------++-------
Melee: Long sword        |    47 |    14 ||    61
       Constrict         |    14 |    38 ||    52
       Tentacles         |    13 |    35 ||    48
       Short sword       |       |   116 ||   116
 Stab: Sleeping          |     7 |     4 ||    11
       Distracted        |       |     2 ||     2
  Eat: Chunk             |     1 |     6 ||     7
Armor: Skin              |     2 |     6 ||     8
Dodge: Dodged            |    18 |    51 ||    69
Block: Kite shield       |    22 |    65 ||    87
       Rpst.: Long sword |    10 |     2 ||    12

Table legend:
 A = Non-vault XP
 B = Vault XP
 C = Vault XP percentage of total XP
 D = Non-vault monster count
 E = Vault monster count
 F = Vault count percentage of total count
                 A         B        C        D         E       F
            +---------+---------+-------+---------+---------+-------
      Total |     542 |      33 |   5.7 |      86 |      10 |  10.4
            +---------+---------+-------+---------+---------+-------
        D:1 |      40 |       0 |   0.0 |      24 |       0 |   0.0
        D:2 |      46 |      27 |  37.0 |      24 |       7 |  22.6
        D:3 |     247 |       6 |   2.4 |      29 |       3 |   9.4
        D:4 |     209 |       0 |   0.0 |       9 |       0 |   0.0
            +---------+---------+-------+---------+---------+-------
